 Dungeon Crawl Stone Soup version 0.27.0-1-g7a089689b8 (webtiles) character file.

Game seed: 14561086287399992592

99253 SnakkuSnakku7 the Warrior (level 15, -2/155 HPs)
             Began as a Minotaur Berserker on Aug 11, 2021.
             Was a High Priest of Trog.
             Killed from afar by a tengu reaver (19 damage)
             ... with a bolt of fire
             ... on level 1 of the Depths.
             The game lasted 00:23:49 (15759 turns).

SnakkuSnakku7 the Warrior (Minotaur Berserker)     Turns: 15759, Time: 00:23:50

Health: -2/155     AC: 21    Str: 24    XL:     15   Next: 77%
Magic:  14/14      EV: 14    Int:  4    God:    Trog [*****.]
Gold:   3190       SH: 17    Dex: 14    Spells: 14/14 levels left

rFire    . . .     SeeInvis .   a - +3 broad axe (elec)
rCold    . . .     Faith    .   q - +0 kite shield
rNeg     + . .     Spirit   .   i - +3 scale mail {rPois}
rPois    +         Reflect  +   (helmet restricted)
rElec    .         Harm     .   s - +1 cloak
rCorr    +         Rampage  ∞   v - +0 pair of gloves
Will     +....                  J - +3 pair of seven-league boots {Rampage+∞}
Stlth    ..........             m - amulet of reflection
HPRegen  0.35/turn              l - ring of positive energy
MPRegen  0.14/turn              d - ring of resist corrosion

@: on berserk cooldown, slowed, studying Polearms, very slow
A: horns 2, retaliatory headbutt
a: Renounce Religion, Berserk, Trog's Hand, Brothers in Arms


You were on level 1 of the Depths.
You worshipped Trog.
Trog was extremely pleased with you.
You visited 2 branches of the dungeon, and saw 17 of its levels.
You also visited: Sewer and Bailey.

You collected 3190 gold pieces.

Inventory:

Hand Weapons
 a - a +3 broad axe of electrocution (weapon)
 b - a +2 broad axe of flaming
Missiles
 E - 7 throwing nets (quivered)
Armour
 i - a +3 scale mail of poison resistance (worn)
 q - a +0 kite shield (worn)
 s - a +1 cloak (worn)
 v - a +0 pair of gloves (worn)
 J - the +3 pair of seven-league boots (worn) {Rampage+∞}
   (You found it on level 11 of the Dungeon)

   Its wearer moves as far as possible in that direction when moving towards
   enemies.
Jewellery
 d - a ring of resist corrosion (right hand)
 l - a ring of positive energy (left hand)
 m - an amulet of reflection (around neck)
 C - the ring of Qeghaos {Fire Will- Slay+5}
   (You found it on level 7 of the Dungeon)

   [ring of fire]

   It enhances your fire magic.
   Slay:      It affects your accuracy & damage with ranged weapons and melee
   (+5).
   rF:        It protects you from fire.
   rC:        It makes you vulnerable to cold.
   Will:      It decreases your willpower.
Wands
 r - a wand of iceblast (17)
 x - a wand of mindburst (12)
 y - a wand of digging (6)
 D - a wand of polymorph (7)
 F - a wand of acid (14)
 I - a wand of paralysis (10)
 K - a wand of flame (54)
Scrolls
 k - 5 scrolls of magic mapping
 o - a scroll of immolation
 w - a scroll of blinking
 A - a scroll of identify
 H - 5 scrolls of teleportation
 L - a scroll of fear
Potions
 c - 8 potions of invisibility
 e - 3 potions of attraction
 f - 3 potions of heal wounds
 g - 2 potions of resistance
 h - 2 potions of berserk rage
 j - a potion of curing
 n - 5 potions of haste
 p - 2 potions of might
 t - a potion of mutation
 u - 5 potions of lignification
 z - a potion of magic
 B - 2 potions of cancellation
 G - 6 potions of ambrosia


   Skills:
 - Level 20.0 Fighting
 - Level 18.0 Axes
 + Level 12.6 Armour
 - Level 10.0 Dodging
 - Level 0.9 Stealth
 - Level 10.0 Shields


You had 14 spell levels left.
You didn't know any spells.
Your spell library was empty.

Dungeon Overview and Level Annotations

Branches:
Dungeon (15/15)            Temple (0/1) D:5            Lair (0/6) D:10
    Orc (0/2) D:11         Vaults (0/5) D:13         Depths (2/5) D:15
  Sewer (visited)          Bailey (visited)

Altars:
Cheibriados
Dithmenos
Makhleb
Okawaru
Qazlal
Trog
Uskayaw
Yredelemnul
Zin
The Shining One

Shops:
D:7 (

Portals:
Hell: Depths:1
Abyss: Depths:1

Annotations:
D:7 dig stuff


Innate Abilities, Weirdness & Mutations

You have a pair of horns on your head.
You reflexively headbutt those who attack you in melee.


Message History

Lightning courses through the large slime creature!!
You slash the slime creature!
Unknown command.
You slash the tengu reaver!
The tengu reaver is heavily wounded.
You slash the slime creature!
You kill the slime creature!
Trog accepts your kill.
You hit the large slime creature. You block the tengu reaver's attack.
The tengu reaver barely misses you. You block the tengu reaver's attack.
The large slime creature barely misses you.
You miss the tengu reaver. Your headbutt misses the tengu reaver.
The tengu reaver is heavily wounded.
You slice the large slime creature!!
You kill the large slime creature!
Trog accepts your kill.
The tengu reaver gestures at you while chanting.
The bolt of lightning hits you!!!
* * * LOW HITPOINT WARNING * * *
You hit the tengu reaver.
The tengu reaver is heavily wounded.
You closely miss the tengu reaver. Your headbutt misses the tengu reaver.
The tengu reaver is heavily wounded.
The tengu reaver hits you with a +3 great mace of holy wrath!!
* * * LOW HITPOINT WARNING * * *
The tengu reaver pecks you.
* * * LOW HITPOINT WARNING * * *
You block the tengu reaver's attack.
You hit the tengu reaver but do no damage.
Lightning courses through the tengu reaver!
The tengu reaver is severely wounded.
You are no longer berserk.
You are exhausted.
You feel yourself slow down.
You miss the tengu reaver. Your headbutt misses the tengu reaver.
The tengu reaver is severely wounded.
The tengu reaver completely misses you. You block the tengu reaver's attack. x2
The tengu reaver casts a spell at you. The bolt of fire hits you!!
You die...

..?..#....##.#.#.##.)..##..##..#
....(.....#.......#....##.#)...#
........................###...##
......≈........................#
.......≈.##...................##
.........##....................#
........###................#.###
........§.......(.........####
...≈.≈§§§.......@.......####
...≈.§§.§........Q.........##
..≈≈....§.....##............#
..≈≈...........#........##'###
≈.......................#....#
≈§..................[...#....#
.........≈..............#....#
..........≈.............#...∩#
.#.............###......######


You could see a tengu reaver.

Vanquished Creatures
  A tengu reaver (Depths:1)
  A frost giant (Depths:1)
  3 fire giants (Depths:1)
  An ironbound preserver (D:13)
  A juggernaut skeleton (D:15)
  6 very ugly things (Depths:1)
  5 stone giants (Depths:1)
  3 jiangshi (Depths:1)
  2 ettins
  3 fire dragons
  Harold (D:9)
  Erolcha (D:9)
  A hydra (D:14)
  2 boulder beetles
  3 rakshasas (Depths:1)
  8 centaur warriors
  Erica (D:9)
  An ice dragon (Depths:1)
  5 tengu warriors
  4 two-headed ogres
  A death knight (D:15)
  A deep troll earth mage (Depths:1)
  A titan zombie (D:15)
  2 deep troll shamans
  A vampire mage (Depths:1)
  6 skeletal warriors
  5 iron trolls (Depths:1)
  A glowing orange brain (Depths:1)
  9 deep trolls
  Pikel (D:9)
  A flayed ghost (D:15)
  The ghost of Konebred the Nimble, a novice KoNe of Kikubaaqudgha (D:7)
  A wizard (Depths:1)
  A phantasmal warrior (D:12)
  A harpy (shapeshifter) (D:12)
  5 deep elf zephyrmancers (D:12)
  A fire giant zombie (D:15)
  A necromancer (D:15)
  An orc knight (Bailey)
  6 cyclopes
  7 deep elf pyromancers
  4 manticores
  10 ugly things (Depths:1)
  4 large abominations (Depths:1)
  4 gargoyles
  2 kobold demonologists
  7 unseen horrors
  A yaktaur (shapeshifter) (D:15)
  A komodo dragon (D:10)
  3 tengu conjurers (Depths:1)
  5 trolls
  12 hornets (D:14)
  5 slime creatures
  2 centaur simulacra
  A deep troll zombie (D:15)
  A shadow (D:9)
  2 vampires (D:12)
  2 water elementals (D:14)
  6 wraiths
  A basilisk (D:15)
  A wyvern (D:9)
  16 yaks
  3 chaos spawn (Depths:1)
  14 vampire mosquitoes
  3 acid dragons
  3 water moccasins
  A floating eye (shapeshifter) (D:15)
  4 ice beasts
  2 black bears
  13 orc warriors
  2 sky beasts (D:6)
  An ogre (D:5)
  9 centaurs
  A lemure (D:9)
  A phantom (D:6)
  3 kobold brigands
  2 bullfrogs
  A scorpion (D:5)
  A gnoll sergeant (D:11)
  A wyvern zombie (D:7)
  A water moccasin zombie (D:7)
  5 wights (D:8)
  2 howler monkeys
  2 bullfrog zombies (D:7)
  4 centaur zombies
  3 small abominations (Depths:1)
  A wyvern simulacrum (D:7)
  5 hounds
  4 orc priests
  A bullfrog skeleton (D:7)
  A gnoll shaman (D:6)
  A jelly (D:6)
  A centaur skeleton (D:4)
  Jessica (D:3)
  Terence (D:2)
  4 iguanas
  A scorpion zombie (D:5)
  8 orc wizards
  3 killer bee zombies
  A hound zombie (D:5)
  A hound skeleton (D:5)
  3 howler monkey zombies
  7 gnolls
  4 adders
  6 river rats (Sewer)
  2 howler monkey simulacra (D:7)
  2 white imps
  2 ufetubi
  An adder skeleton (D:4)
  8 worms
  2 dart slugs
  42 orcs
  14 ball pythons
  3 bats
  7 endoplasms
  3 giant cockroaches
  8 goblins
  9 hobgoblins
  3 jackals (D:2)
  27 kobolds
  5 quokkas
  4 frilled lizards
  27 rats
  A fire vortex (Depths:1)
503 creatures vanquished.

Vanquished Creatures (collateral kills)
  A stone giant (Depths:1)
  A scorpion (D:6)
  A jelly (D:6)
3 creatures vanquished.

Vanquished Creatures (others)
  A golden eye (shapeshifter) (D:13)
  31 plants
  2 withered plants (D:15)
34 creatures vanquished.

Grand Total: 540 creatures vanquished

Notes
Turn   | Place    | Note
-------+----------+-------------------------------------------
     0 | D:1      | SnakkuSnakku7 the Minotaur Berserker began the quest for
                  | the Orb.
     0 | D:1      | Reached XP level 1. HP: 19/19 MP: 0/0
   169 | D:1      | Reached skill level 4 in Fighting
   169 | D:1      | Reached XP level 2. HP: 17/27 MP: 1/1
   368 | D:1      | Noticed an eye of devastation
   370 | D:1      | Found a faded altar of an unknown god.
   372 | D:1      | Noticed a floating eye
   372 | D:1      | Noticed a shining eye
   372 | D:1      | Noticed a great orb of eyes
   802 | D:2      | Reached XP level 3. HP: 29/34 MP: 2/2
   846 | D:2      | Noticed Terence
   855 | D:2      | Killed Terence
  1120 | D:2      | Reached skill level 5 in Axes
  1122 | D:2      | Reached XP level 4. HP: 41/41 MP: 3/3
  1165 | D:2      | Reached ** piety under Trog
  1646 | D:3      | Noticed Jessica
  1652 | D:3      | Killed Jessica
  1661 | D:3      | Found a burning altar of Makhleb.
  1662 | D:3      | Found an iron altar of Okawaru.
  1662 | D:3      | Found a snail-covered altar of Cheibriados.
  1664 | D:3      | Found a stormy altar of Qazlal.
  1766 | D:3      | Reached skill level 5 in Fighting
  1808 | D:3      | Found a glowing drain.
  1816 | Sewer    | Entered a sewer
  1909 | Sewer    | Reached XP level 5. HP: 37/48 MP: 4/4
  1977 | Sewer    | Reached *** piety under Trog
  2078 | Sewer    | Reached XP level 6. HP: 21/56 MP: 5/5
  2490 | D:4      | Reached skill level 1 in Shields
  2506 | D:4      | Reached skill level 6 in Fighting
  2506 | D:4      | Found a hide-covered altar of Uskayaw.
  2519 | D:4      | Reached **** piety under Trog
  2680 | D:4      | Reached XP level 7. HP: 64/64 MP: 6/6
  3006 | D:5      | Entered Level 5 of the Dungeon
  3067 | D:5      | Reached skill level 7 in Fighting
  3146 | D:5      | Found a staircase to the Ecumenical Temple.
  3224 | D:5      | Reached XP level 8. HP: 73/73 MP: 7/7
  3604 | D:6      | Reached skill level 8 in Fighting
  3801 | D:6      | Noticed a gargoyle
  3813 | D:6      | Killed a gargoyle
  3814 | D:6      | Reached skill level 9 in Fighting
  3814 | D:6      | Reached skill level 10 in Axes
  3948 | D:6      | Noticed a two-headed ogre
  3960 | D:6      | Killed a two-headed ogre
  3961 | D:6      | Reached skill level 10 in Fighting
  3961 | D:6      | Reached XP level 9. HP: 63/85 MP: 8/8
  4024 | D:6      | Noticed a manticore
  4039 | D:6      | Killed a manticore
  4592 | D:6      | Identified a scroll of acquirement
  4592 | D:6      | Acquired a +0 broad axe of electrocution
  4669 | D:7      | Found a runed translucent gate.
  4669 | D:7      | Found a runed translucent gate.
  4780 | D:7      | Noticed a skeletal warrior
  4781 | D:7      | Found the +5 scythe "Finisher" {speed, eviscerate}
  4802 | D:7      | Reached XP level 10. HP: 82/93 MP: 9/9
  4802 | D:7      | Killed a skeletal warrior
  4840 | D:7      | Found a flagged portal.
  4851 | Bailey   | Entered a bailey
  5175 | Bailey   | Acquired a +1 pair of boots of rampaging
  5296 | Bailey   | Noticed an orc knight
  5313 | Bailey   | Killed an orc knight
  5318 | Bailey   | Reached skill level 15 in Axes
  5365 | D:7      | Found a basalt altar of Yredelemnul.
  5395 | D:7      | Reached ***** piety under Trog
  5443 | D:7      | Found a runed translucent gate.
  5471 | D:7      | Found Udoy's Weapon Shop.
  5549 | D:7      | Noticed Konebred's ghost (novice KoNe)
  5593 | D:7      | Found a glowing silver altar of Zin.
  5750 | D:7      | Killed Konebred's ghost
  5796 | D:7      | Identified the ring of Qeghaos {Fire Will- Slay+5}
  6050 | D:8      | Found a shadowy altar of Dithmenos.
  6070 | D:8      | Reached XP level 11. HP: 77/99 MP: 10/10
  6499 | D:9      | Noticed Erolcha
  6505 | D:9      | Killed Erolcha
  6630 | D:9      | Noticed Erica
  6641 | D:9      | Noticed a sixfirhy
  6648 | D:9      | Killed Erica
  6730 | D:9      | Noticed Pikel
  6737 | D:9      | Killed Pikel
  6760 | D:9      | Noticed Harold
  6769 | D:9      | Killed Harold
  7143 | D:9      | Reached skill level 5 in Shields
  7372 | D:9      | Noticed a centaur warrior
  7378 | D:9      | Killed a centaur warrior
  7477 | D:10     | Entered Level 10 of the Dungeon
  7771 | D:10     | Found a staircase to the Lair.
  8035 | D:10     | Noticed a two-headed ogre
  8040 | D:10     | Killed a two-headed ogre
  8290 | D:11     | Noticed a two-headed ogre
  8296 | D:11     | Killed a two-headed ogre
  8366 | D:11     | Found the +3 pair of seven-league boots {Rampage+∞}
  8413 | D:11     | Reached XP level 12. HP: 57/106 MP: 11/11
  8441 | D:11     | Reached skill level 10 in Shields
  8459 | D:11     | Found a staircase to the Orcish Mines.
  8567 | D:11     | Reached skill level 5 in Armour
  8835 | D:12     | Received a gift from Trog
  8909 | D:12     | Noticed a tengu warrior
  8920 | D:12     | Reached skill level 10 in Armour
  8939 | D:12     | Killed a tengu warrior
  8952 | D:11     | Acquired 1045 gold pieces
  9244 | D:12     | Reached skill level 5 in Dodging
  9640 | D:12     | Reached XP level 13. HP: 111/113 MP: 12/12
  9667 | D:12     | Identified the +5 ring mail of the Gloaming {Harm rF+ Str+2
                  | Dex-4}
 10106 | D:13     | Found a glowing golden altar of the Shining One.
 10282 | D:13     | Noticed an ironbound preserver
 10285 | D:13     | Reached skill level 10 in Dodging
 10295 | D:13     | Killed an ironbound preserver
 10295 | D:13     | Received a gift from Trog
 10340 | D:13     | Found a gate to the Vaults.
 10354 | D:13     | Reached skill level 11 in Fighting
 10954 | D:14     | Reached skill level 12 in Fighting
 11092 | D:14     | Reached skill level 13 in Fighting
 11237 | D:14     | Identified the +0 ring mail of Wu Jian's Reproof {+Blink
                  | Str+5}
 11699 | D:15     | Entered Level 15 of the Dungeon
 11715 | D:15     | Found a staircase to the Depths.
 11751 | D:15     | Reached skill level 14 in Fighting
 11848 | D:15     | Reached XP level 14. HP: 75/133 MP: 13/13
 12199 | D:15     | Reached skill level 15 in Fighting
 12353 | Depths:1 | Entered Level 1 of the Depths
 12353 | Depths:1 | Noticed a frost giant
 12359 | Depths:1 | Killed a frost giant
 12359 | Depths:1 | Received a gift from Trog
 12360 | Depths:1 | Noticed a stone giant
 12402 | Depths:1 | Killed a stone giant
 12407 | Depths:1 | Reached skill level 16 in Fighting
 12410 | Depths:1 | Noticed a tengu reaver
 12461 | Depths:1 | Killed a tengu reaver
 12626 | Depths:1 | Noticed a stone giant
 12645 | Depths:1 | Reached skill level 17 in Fighting
 12645 | Depths:1 | Killed a stone giant
 12759 | Depths:1 | Noticed a stone giant
 12769 | Depths:1 | Killed a stone giant
 13041 | Depths:1 | Found a gateway to Hell.
 13050 | Depths:1 | Noticed a white very ugly thing
 13065 | Depths:1 | Killed a white very ugly thing
 13066 | Depths:1 | Reached skill level 18 in Fighting
 13249 | Depths:1 | Found a bloodstained altar of Trog.
 13307 | Depths:1 | Noticed a stone giant
 13321 | Depths:1 | Killed a stone giant
 13391 | Depths:1 | Reached XP level 15. HP: 146/150 MP: 14/14
 13589 | Depths:1 | Noticed a fire giant
 13668 | Depths:1 | Killed a fire giant
 13669 | Depths:1 | Reached skill level 19 in Fighting
 13930 | Depths:1 | Found a one-way gate to the infinite horrors of the Abyss.
 14744 | Depths:1 | Noticed a fire giant
 14756 | Depths:1 | Killed a fire giant
 14757 | Depths:1 | Noticed a fire giant
 15158 | Depths:1 | Killed a fire giant
 15261 | Depths:1 | Reached skill level 20 in Fighting
 15367 | Depths:2 | Noticed a fire giant
 15593 | Depths:2 | Noticed a tengu reaver
 15759 | Depths:1 | Killed from afar by a tengu reaver

Illustrated notes

Levels and vault maps discovered:
D:1:      lightli_arrival_chessboard, layout_basic,
          hellmonk_ecumenical_altar_watching_god, kennysheep_another_room,
          dk_noncrumbling_2, minmay_pentomino_o4
D:2:      layout_loops_corners, uniq_terence
D:3:      layout_basic, grunt_temple_overflow_open, portal_sewer_entry_e,
          serial_bayou_pond_e, uniq_jessica
D:4:      layout_basic, eat_drink_and_be_merry_uskayaw
D:5:      layout_loops_ring, temple_fountains, kennysheep_decorative_pillar
D:6:      layout_basic, minmay_manual_monstrance
D:7:      layout_rooms, zin_scriptorium, nicolae_yredelemnul_corpse_copse,
          gammafunk_ghost_icy, enter_bailey_3, serial_shops,
          nicolae_shop_crystal, minmay_guarded_unrand_finisher
D:8:      layout_basic, nicolae_dithmenos_shadow_blocks, st_stairs_9
D:9:      layout_basic, roderic_cross_of_infinity, uniq_pikel, uniq_erolcha,
          uniq_harold, uniq_erica
D:10:     layout_grid_maze, david_lair_shrubbed
D:11:     layout_rooms, orc_david_3
D:12:     hourglass_vault, layout_gridville, minivault_19, elves_outpost_lemuel
D:13:     layout_cave_pools, skrybe_vaults_entry_preservation, tso_oasis_becter
D:14:     layout_basic, infiniplex_staircase_x, hive_lemuel
D:15:     gammafunk_depths_entry_grave, layout_cross, minivault_23
Depths:1: layout_cave_pools, amcnicky_mini_rare_corridor_liquid, hell_entry,
          minmay_room_of_horrors, serial_bayou_pond_e, minmay_misc_feat_room,
          grunt_decor_cap, trog_hazing_becter
Depths:2: grunt_bent_corner, layout_cave_shapes, nicolae_vehumet_radiance,
          hell_entry, minivault_1, minislime_mu, minmay_shoptagon

Skill      XL: |  1  2  3  4  5  6  7  8  9 10 11 12 13 14 15 |
---------------+----------------------------------------------+-----
Fighting       | 4 5 6 7 10 14 18 20 | 20.0
Axes           | 4 5 6 7 8 11 13 16 18 | 18.0
Shields        | 2 4 9 10 | 10.0
Armour         | 10 12 | 12.6
Dodging        | 7 10 | 10.0
Stealth        | |  0.9

Action                   |  1- 3 |  4- 6 |  7- 9 | 10-12 | 13-15 || total
-------------------------+-------+-------+-------+-------+-------++-------
Melee: Hand axe          |    67 |   162 |   173 |       |       ||   402
       Headbutt          |     7 |    21 |    42 |    80 |   157 ||   307
       Broad axe         |       |       |    26 |   421 |   549 ||   996
Invok: Berserk           |     1 |     2 |     7 |     9 |    22 ||    41
       Trog's Hand       |       |       |     1 |     2 |     4 ||     7
       Brothers in Arms  |       |       |     1 |       |     2 ||     3
Evoke: Wand              |       |       |       |       |     4 ||     4
  Use: Scroll            |       |       |    18 |     6 |    10 ||    34
       Potion            |       |       |       |       |     9 ||     9
 Stab: Sleeping          |     1 |       |       |       |       ||     1
Armor: Animal skin       |     5 |       |       |       |       ||     5
       Scale mail        |    12 |    65 |    51 |   118 |   188 ||   434
Dodge: Dodged            |    40 |    79 |    60 |   105 |   187 ||   471
Block: Buckler           |       |    31 |    97 |   188 |       ||   316
       Reflection        |       |     5 |     1 |    22 |    32 ||    60
       Kite shield       |       |       |       |    20 |   399 ||   419
